 Dungeon Crawl Stone Soup version 0.17-a0-2098-gf59d6bc (webtiles) character file.

167 nrokreffefp the Skirmisher (level 5, -1/44 HPs)
             Began as a Demonspawn Monk on Oct 18, 2015.
             Was a Believer of Okawaru.
             Killed by divine providence
             ... invoked by an orc priest
              (9 damage)
             ... on level 3 of the Dungeon.
             The game lasted 00:07:13 (3085 turns).

nrokreffefp the Skirmisher (Demonspawn Monk)        Turns: 3085, Time: 00:07:13

Health: -1/44      AC:  3    Str: 13    XL:     5   Next: 23%
Magic:  0/5        EV: 13    Int: 11    God:    Okawaru [**....]
Gold:   93         SH:  0    Dex: 15    Spells: 0 memorised, 4 levels left

rFire  . . .     SeeInvis .     f - +1 short sword
rCold  . . .     Clarity  .     e - +0 leather armour
rNeg   . . .     SustAt   .     (no shield)
rPois  .         Gourm    .     (no helmet)
rElec  .         Spirit   +     (no cloak)
rCorr  .         Warding  .     (no gloves)
rMut   .         Stasis   .     (no boots)
MR     .....                    d - amulet of guardian spirit
Stlth  ++........               (no ring)
                                (no ring)

@: not resistant to hostile enchantments, unstealthy
A: powered by pain 1
a: Heroism, Renounce Religion


You were on level 3 of the Dungeon.
You worshipped Okawaru.
Okawaru was pleased with you.
You were not hungry.

You visited 1 branch of the dungeon, and saw 3 of its levels.

You collected 93 gold pieces.

Inventory:

Hand Weapons
 f - a +1 short sword (weapon)
Armour
 e - a +0 leather armour (worn)
Jewellery
 d - an amulet of guardian spirit (around neck)
 p - an uncursed amulet of stasis {unknown}
Scrolls
 i - a scroll of magic mapping {unknown}
 m - a scroll of enchant weapon
Potions
 a - a potion of lignification {unknown}
 c - a potion of degeneration {unknown}
 g - a potion of heal wounds
 h - a potion of poison {unknown}
 j - 3 potions of curing
 l - a potion of haste {unknown}
 o - a potion of brilliance {unknown}
Comestibles
 b - 3 bread rations
 k - 2 meat rations


   Skills:
 + Level 5.3 Fighting
 + Level 3.6 Dodging
 - Level 1.7 Stealth
 - Level 3.6 Unarmed Combat


You had 4 spell levels left.
You didn't know any spells.

Dungeon Overview and Level Annotations

Branches:
Dungeon (3/15)

Altars:
Fedhas
Okawaru
Ru
Trog
Vehumet


Innate Abilities, Weirdness & Mutations

You sometimes gain a little power by taking damage.


Message History

Something smites you!
* * * LOW HITPOINT WARNING * * *
You focus on the pain.
You feel your power returning.
Things that are here:
a hand axe; a ring mail; 3 gold pieces You hit the orc priest.
The orc priest is lightly wounded.
The orc priest invokes the aid of Beogh against you.
You resist with some effort.
You hit the orc priest but do no damage.
The orc priest is lightly wounded.
The orc priest hits you but does no damage.
You hit the orc priest.
The orc priest is heavily wounded.
The orc priest closely misses you.
You hit the orc priest.
The orc priest is severely wounded.
The orc priest invokes the aid of Beogh against you.
Something smites you!
You die...

..# ... .o #.# ### o.
####.## ##.. #.
......#####..# #.
#....)(.... #.##
#..).#####. #..##
####..### #.
##...#####....## ####.
##....o@....##.# #....
##.....########.## #.###
##.#.....# #..# #.##.
#......#.# ##.# #.##.
#........#### #.####.#..
#...#.......## #..##..<.#
#............## ##..#.....
...##.........## ##.......
.≈≈.#..........####.......


You could see an orc priest.

Vanquished Creatures
  The ghost of dinorawrasaur the Shooter, an amateur DEHu (D:3)
  An orc priest (D:3)
  2 adders (D:2)
  An ooze (D:1)
  A worm (D:2)
  2 giant geckos (D:1)
  A ball python (D:1)
  3 giant cockroaches (D:1)
  4 goblins
  5 hobgoblins
  3 jackals (D:1)
  7 kobolds
  8 bats
  3 giant newts (D:1)
  A quokka (D:3)
  3 rats
46 creatures vanquished.

Notes
Turn   | Place    | Note
--------------------------------------------------------------
     0 | D:1      | nrokreffefp the Demonspawn Monk began the quest for the Orb.
     0 | D:1      | Reached XP level 1. HP: 18/18 MP: 1/1
   620 | D:1      | Gained mutation: You sometimes gain a little power by taking damage. [demonic ancestry]
   620 | D:1      | Reached XP level 2. HP: 19/25 MP: 2/2
  1164 | D:1      | Reached skill level 4 in Fighting
  1438 | D:1      | Reached XP level 3. HP: 24/30 MP: 3/3
  1777 | D:2      | Found a radiant altar of Vehumet.
  2459 | D:2      | Found a bloodstained altar of Trog.
  2466 | D:2      | Found an iron altar of Okawaru.
  2517 | D:2      | Became a worshipper of Warmaster Okawaru
  2517 | D:2      | Reached * piety under Okawaru
  2517 | D:2      | Reached ** piety under Okawaru
  2553 | D:2      | Found a sacrificial altar of Ru.
  2726 | D:3      | Reached XP level 4. HP: 36/38 MP: 4/4
  2754 | D:3      | Noticed dinorawrasaur's ghost (amateur DEHu)
  2799 | D:3      | Killed dinorawrasaur's ghost
  2799 | D:3      | Reached skill level 5 in Fighting
  2799 | D:3      | Reached XP level 5. HP: 11/44 MP: 0/5
  3047 | D:3      | Found a blossoming altar of Fedhas.
  3085 | D:3      | Killed from afar by an orc priest

Vault maps used:
D:1:      dpeg_arrival_long_road, minmay_crystal_room
D:2:      lemuel_doored_altar, minitemple, vehumet_crystals, first_bread
D:3:      old_standard_altar, nicolae_tso_swordbearing_angel, fedhas_altar_2

Action                   |  1- 3 |  4- 6 || total
-------------------------+-------+-------++-------
Melee: Unarmed           |    17 |       ||    17
       Short sword       |   183 |    46 ||   229
Invok: Heroism           |       |     1 ||     1
  Use: Scroll            |    10 |       ||    10
       Potion            |     1 |     1 ||     2
 Stab: Sleeping          |     5 |       ||     5
  Eat: Chunk             |     5 |     2 ||     7
